 Dungeon Crawl Stone Soup version 0.17-a0-18-gc25b939 (console) character file.

458 MrRokkomies the Slasher (level 6, -4/35 (39) HPs)
             Began as a High Elf Warper on Mar 9, 2015.
             Killed from afar by Dowan (18 damage)
             ... with a shard of ice
             ... on level 4 of the Dungeon.
             The game lasted 00:30:04 (4788 turns).

MrRokkomies the Slasher (High Elf Warper)           Turns: 4788, Time: 00:30:05

HP:   -4/35 (39)    AC:  4    Str: 12      XL:     6   Next: 77%
MP:   0/15          EV: 16    Int: 22 (23) God:
Gold: 96            SH:  0    Dex: 16      Spells: 3 memorised, 4 levels left

rFire  . . .     SeeInvis .     a - +1 falchion
rCold  . . .     Clarity  .     b - +0 leather armour
rNeg   . . .     SustAb   .     (no shield)
rPois  .         Gourm    .     h - +0 helmet (curse)
rElec  .         Spirit   +     (no cloak)
rCorr  .         Warding  .     (no gloves)
rMut   .         Stasis   .     (no boots)
MR     .....                    m - amulet of guardian spirit
Stlth  +.........               p - +5 ring of intelligence
                                o - +1 ring of evasion

@: shrouded (expiring), very slightly contaminated, hasted, very quick, not
resistant to hostile enchantments, very unstealthy
A: deterioration 1, spit poison 1, strong 1
a: Spit Poison


You were on level 4 of the Dungeon.
You were hungry.

You visited 2 branches of the dungeon, and saw 5 of its levels.

You collected 96 gold pieces.

Inventory:

Hand weapons
 a - a +1 falchion (weapon)
Missiles
 e - 5 tomahawks of dispersal
 g - 12 stones (quivered)
 i - 52 arrows
 n - 11 poisoned needles
Armour
 b - a +0 leather armour (worn)
 h - a cursed +0 helmet (worn)
Jewellery
 m - an amulet of guardian spirit (around neck)
 o - a +1 ring of evasion (left hand)
 p - a +5 ring of intelligence (right hand)
Magical devices
 l - a wand of confusion (26)
Scrolls
 k - a scroll of identify
Potions
 d - 2 potions of flight
 f - a potion of magic
Books
 c - a book of Spatial Translocations

   Spells                             Type                      Level
   a - Apportation                    Translocation                1
   b - Blink                          Translocation                2
   c - Shroud of Golubria             Charms/Translocation         2
   d - Portal Projectile              Translocation                3
   e - Teleport Other                 Translocation                3
   f - Passage of Golubria            Translocation                4


   Skills:
 - Level 2.0 Fighting
 * Level 6.3 Long Blades
 - Level 1.1 Throwing
 - Level 0.8 Armour
 * Level 6.0 Dodging
 - Level 2.4 Spellcasting
 - Level 3.2 Translocations


You had 4 spell levels left.
You knew the following spells:

 Your Spells              Type           Power        Failure   Level  Hunger
a - Apportation           Tloc           ###.......   6%          1    None
b - Blink                 Tloc           N/A          10%         2    ##.....
c - Shroud of Golubria    Chrm/Tloc      #.........   14%         2    ##.....


Dungeon Overview and Level Annotations

Branches:
Dungeon (4/15)             Temple (1/1) D:4

Altars:
Ashenzari
Dithmenos
Elyvilon
Gozag
Kikubaaqudgha
Nemelex Xobeh
Ru
Sif Muna
Trog
Vehumet
Xom
Zin
The Shining One

Annotations:
D:4 Dowan


Innate Abilities, Weirdness & Mutations

Your body is slowly deteriorating.
You can spit poison.
Your muscles are strong. (Str +2)


Message History

Dowan is lightly wounded.
Dowan completely misses you.
You barely miss Dowan.
Dowan is lightly wounded.
Your shroud begins to fray at the edges.
Dowan barely misses you.
You closely miss Dowan.
Dowan is lightly wounded.
Dowan gestures wildly while chanting.
Dowan blinks!
You closely miss Dowan.
Dowan is lightly wounded.
Dowan casts a spell at you. The shard of ice misses you.
You miss Dowan.
Dowan is lightly wounded.
Dowan gestures at you while chanting. The shard of ice hits you!
Ouch! That really hurt!
You die...

.........#...
#.##.#..##
#....##..##
#.#..##...###.#
#.##).†)......#
#.#####..^#####
#......§..#
#.#####.###
.ee......# #@#
######### ##e##
########...#####
#................
######.######...#####
.##.......# ##.##
..........######.#
.##.##...........#
..........########


You could see Dowan.

Vanquished Creatures
  Duvessa (D:4)
  Blork the orc (D:4)
  A scorpion (D:3)
  A worker ant (D:4)
  Ijyb (D:2)
  3 gnolls (D:2)
  Robin (D:2)
  11 adders
  3 worms
  A giant mite (D:3)
  4 giant geckos
  2 orcs
  A ball python (D:3)
  7 bats
  2 giant cockroaches
  23 goblins
  12 hobgoblins
  7 kobolds
  2 quokkas
  2 giant gecko skeletons (D:4)
  8 giant newts
  7 rats
101 creatures vanquished.

Notes
Turn   | Place    | Note
--------------------------------------------------------------
     0 | D:1      | MrRokkomies, the High Elf Warper, began the quest for the Orb.
     0 | D:1      | Reached XP level 1. HP: 14/14 MP: 4/4
   375 | D:1      | Reached XP level 2. HP: 19/19 MP: 3/6
   379 | D:1      | Learned a level 2 spell: Blink
   382 | D:1      | Learned a level 2 spell: Shroud of Golubria
  1132 | D:2      | Noticed Robin
  1134 | D:2      | Reached XP level 3. HP: 24/24 MP: 6/8
  1156 | D:2      | Killed Robin
  1672 | D:2      | Gained mutation: Your body is slowly deteriorating. [potion of mutation]
  1672 | D:2      | Gained mutation: Your muscles are strong. (Str +2) [potion of mutation]
  1672 | D:2      | Gained mutation: You can spit poison. [potion of mutation]
  1673 | D:2      | Reached skill level 4 in Dodging
  1673 | D:2      | Reached XP level 4. HP: 17/25 MP: 2/11
  2274 | D:2      | Noticed Ijyb
  2298 | D:2      | Killed Ijyb
  2298 | D:2      | Reached XP level 5. HP: 26/30 MP: 8/12
  3074 | D:3      | Reached skill level 5 in Long Blades
  3130 | D:3      | Found a glowing golden altar of the Shining One.
  3192 | D:3      | Reached skill level 5 in Dodging
  3365 | D:3      | Reached XP level 6. HP: 28/35 MP: 7/15
  3830 | D:4      | Found a staircase to the Ecumenical Temple.
  3840 | Temple   | Entered the Ecumenical Temple
  4107 | D:4      | Noticed Blork the orc
  4175 | D:4      | HP: 1/35 [Blork the orc/hand axe (3)]
  4177 | D:4      | Killed Blork the orc
  4752 | D:4      | Noticed Duvessa
  4753 | D:4      | Noticed Dowan
  4776 | D:4      | Killed Duvessa
  4776 | D:4      | Reached skill level 6 in Long Blades
  4788 | D:4      | Killed from afar by Dowan

Action                   |  1- 3 |  4- 6 || total
-------------------------+-------+-------++-------
Melee: Falchion          |   166 |   310 ||   476
Throw: Stone             |    16 |     9 ||    25
 Cast: Shroud of Golubri |    12 |    20 ||    32
       Blink             |       |     2 ||     2
 Abil: Spit Poison       |       |    17 ||    17
Evoke: Wand              |       |     3 ||     3
  Use: Scroll            |     3 |     8 ||    11
       Potion            |     4 |     2 ||     6
 Stab: Sleeping          |     1 |       ||     1
       Confused          |       |     2 ||     2
  Eat: Chunk             |     3 |     4 ||     7
       Bread ration      |       |     2 ||     2
